 Dungeon Crawl Stone Soup version 0.30-a0-760-g5a9884bb7c (webtiles) character file.

Game seed: 2156221830774284111

15581 Ge0ff the Cleaver (level 12, -11/112 HPs)
             Began as a Minotaur Warper on Feb 11, 2023.
             Was a High Priest of Okawaru.
             Mangled by a two-headed ogre
             ... wielding a +0 giant club
              (18 damage)
             ... on level 11 of the Dungeon.
             The game lasted 00:22:30 (8494 turns).

Ge0ff the Cleaver (Minotaur Warper)                 Turns: 8494, Time: 00:22:31

Health: -11/112    AC: 24    Str: 29    XL:     12   Next: 2%
Magic:  15/15      EV: 10    Int: 12    God:    Okawaru [*****.]
Gold:   951        SH:  6    Dex: 17    Spells: 13/13 levels left

rFire   . . .      SeeInvis .    a - +3 war axe (flame)
rCold   . . .      Faith    +    t - +0 buckler
rNeg    . . .      Spirit   .    i - +7 plate armour of Autumn {Str+3 Int+2}
rPois   .          Reflect  .    (helmet restricted)
rElec   .          Harm     .    (no cloak)
rCorr   .          Rampage  .    O - +0 pair of gloves
Will    .....                    D - +2 pair of boots Stlth
                                 e - amulet of faith
HPRegen 0.38/turn                G - +6 ring of strength {=R}
MPRegen 0.14/turn                h - +6 ring of dexterity

@: about to teleport, engulfed (cannot breathe)
A: horns 2, retaliatory headbutt
a: Renounce Religion, Heroism, Finesse, Duel


You were on level 11 of the Dungeon.
You worshipped Okawaru.
Okawaru was extremely pleased with you.
You visited 1 branch of the dungeon, and saw 11 of its levels.
You also visited: Sewer, Ossuary and Bailey.

You collected 2678 gold pieces.
You spent 1727 gold pieces at shops.

Inventory:

Hand Weapons
 a - a +3 war axe of flaming (weapon)
 j - a +0 broad axe of chaos
 k - a +1 vampiric trident
 m - a +1 heavy dire flail
Missiles
 d - 7 boomerangs of dispersal
 g - 2 throwing nets {=F}
 v - a curare-tipped dart {=F}
 w - 51 poisoned darts
 x - 4 boomerangs (quivered)
 A - 4 javelins
Armour
 c - +0 acid dragon scales
 i - the +7 plate armour of Autumn (worn) {Str+3 Int+2}
   (Okawaru gifted it to you on level 11 of the Dungeon)

   Str:       It affects your strength (+3).
   Int:       It affects your intelligence (+2).
 s - a +2 ring mail of positive energy
 t - a +0 buckler (worn)
 y - a +1 troll leather armour {Pargi}
 D - a +2 pair of boots (worn)
 K - a +2 leather armour of poison resistance
 O - a +0 pair of gloves (worn)
 S - the +0 leather armour of Rationality {rC+ rCorr}
   (You found it on level 8 of the Dungeon)

   rC:        It protects you from cold.
   rCorr:     It protects you from acid and corrosion.
Jewellery
 e - an amulet of faith (around neck)
 f - a ring of poison resistance
 h - a +6 ring of dexterity (right hand)
 G - a +6 ring of strength (left hand) {=R}
 Y - an amulet of regeneration
Wands
 p - a wand of paralysis (3)
 r - a wand of roots (24)
 P - a wand of polymorph (3)
Scrolls
 B - 5 scrolls of blinking
 E - 5 scrolls of fear
 F - 2 scrolls of fog
 J - 2 scrolls of enchant weapon
 T - 2 scrolls of teleportation
 V - a scroll of vulnerability
Potions
 b - a potion of attraction {unknown}
 l - 2 potions of magic {unknown}
 o - a potion of ambrosia
 q - 4 potions of curing
 u - 4 potions of mutation {!q}
 z - a potion of brilliance
 H - 5 potions of haste {!q}
 I - 2 potions of invisibility
 L - 4 potions of lignification
 M - 3 potions of might
 N - 2 potions of cancellation {!q}
 Q - a potion of experience {unknown}
 R - 4 potions of degeneration {unknown}
 U - 3 potions of resistance {unknown}
 W - 4 potions of heal wounds {!q}
 X - a potion of flight
 Z - 4 potions of berserk rage {!q}


   Skills:
 + Level 12.0 Fighting
 + Level 12.9 Axes
 + Level 3.4 Throwing
 + Level 6.5 Armour
 + Level 6.2 Dodging
 - Level 1.0 Stealth
 + Level 6.3 Shields
 - Level 1.3 Spellcasting
 - Level 2.1 Translocations
 + Level 5.7 Invocations
 + Level 5.9 Evocations


You had 13 spell levels left.
You didn't know any spells.
Your spell library contained the following spells:

 Spells                   Type           Power      Damage    Failure   Level
 Blink                    Tloc           12%        N/A       91%         2
 Lesser Beckoning         Tloc           12%        N/A       91%         2
 Slow                     Hex            0%         N/A       98%         1
 Cigotuvi's Dreadful Rot  Necr/Pois/Air  0%         N/A       99%         2
 Poisonous Vapours        Pois/Air       0%         N/A       99%         2
 Teleport Other           Tloc           6%         N/A       99%         3
 Confusing Touch          Hex            0%         N/A       100%        3
 Dazzling Flash           Conj/Hex       0%         N/A       100%        3
 Mephitic Cloud           Conj/Pois/Air  0%         N/A       100%        3
 Vampiric Draining        Necr           0%         2d6       100%        3
 Vhi's Electric Charge    Tloc/Air       6%         N/A       100%        3
 Iskenderun's Mystic Bla  Conj/Tloc      3%         2d3       100%        4
 Manifold Assault         Tloc           6%         N/A       100%        4
 Starburst                Conj/Fire      0%         6d3       100%        6


Dungeon Overview and Level Annotations

Branches:
Dungeon (11/15) Zot: 26770  Temple (0/1) D:7            Lair (0/5) D:10
    Orc (0/2) D:11          Sewer (visited)         Ossuary (visited)
 Bailey (visited)

Altars:
Cheibriados
Hepliaklqana
Okawaru
Qazlal
Ru

Shops:
D:9 =   D:11 ![


Innate Abilities, Weirdness & Mutations

You have a pair of horns on your head.
You reflexively headbutt those who attack you in melee.


Message History

You throw a boomerang. The boomerang hits the electric eel!!
You kill the electric eel!
Okawaru accepts your kill.
A two-headed ogre, an electric eel and 2 water elementals come into view.
The two-headed ogre shouts in stereo!
You enter the shallow water.
Moving in this stuff is going to be slow.
The electric eel shoots out a bolt of lightning at you!
The bolt of electricity hits you. You block the water elemental's attack.
As you read the scroll of teleportation, it crumbles to dust.
You feel strangely unstable.
You feel like a meek peon again.
The electric eel shoots out a bolt of lightning at you!
The bolt of electricity hits the water elemental.
The water elemental resists.
The bolt of electricity hits you! The water elemental closely misses you.
You furiously retaliate!
You headbutt the water elemental, but do no damage.
The water elemental hits you.
The water elemental engulfs you in water!
You slice the water elemental!! You burn the water elemental!
The water elemental is severely damaged.
You hit the water elemental but do no damage.
Your lungs strain for air!
The water elemental hits you.
* * * LOW HITPOINT WARNING * * *
The water elemental hits you.
You slash the water elemental! You burn the water elemental.
You destroy the water elemental!
Okawaru accepts your kill.
You hit the water elemental. You burn the water elemental.
* * * LOW HITPOINT WARNING * * *
Your lungs strain for air!
The water elemental barely misses you.
You slice the water elemental!! You burn the water elemental!
The water elemental is heavily damaged.
* * * LOW HITPOINT WARNING * * *
Your lungs strain for air!
The electric eel shoots out a bolt of lightning at you!
The bolt of electricity hits the water elemental.
The water elemental resists.
The bolt of electricity hits you.
* * * LOW HITPOINT WARNING * * *
The water elemental hits you.
The water elemental attacks as you move away!
You block the water elemental's attack.
The two-headed ogre attacks as you move away!
The two-headed ogre hits you with a +0 giant club!
* * * LOW HITPOINT WARNING * * *
The two-headed ogre hits you with a +0 giant club!!
You die...

#.#..# #.##.## ### ..
#.#... .... . #.#..#
#~~## . #.#..# #~~~~# #
#. ##.#..# #~~~~~~
#.###.###~.#..##~~~~~~~
......~~~...@O~~~~~~~
#####.##~~~~#.#~E~~~~~~~
#..~~....~~~#.##~~~~~~~~
#.~~~>....~.#.###~S~~~~~
##~~~~~(..)..#.# #~~~~~~
.~~~~~~~~~#..#.# #~~~~#
~~~~~†~~~~~.##.# #~~..
~~~~~~~~~~~~.^.# ####
#~~~~~~~~~~~###


You could see a two-headed ogre, a water elemental and an electric eel.

Vanquished Creatures
  2 two-headed ogres
  An orc sorcerer (Bailey)
  An ugly thing (D:11)
  A cyclops (D:11)
  2 gargoyles (D:11)
  Psyche (D:8)
  A rime drake (D:10)
  A kobold demonologist (Bailey)
  A hornet (D:8)
  2 shadows
  A vampire (D:10)
  2 water elementals (D:11)
  17 yaks
  Eustachio (D:4)
  2 vampire mosquitoes (D:11)
  Menkaure (D:6)
  2 steam dragons
  Edmund (D:6)
  2 acid dragons (D:11)
  2 water moccasins (D:5)
  13 orc warriors
  Pargi (Sewer)
  A black bear (D:7)
  5 ice beasts
  A wolf (D:10)
  3 ogres (D:5)
  5 centaurs
  4 phantoms
  4 kobold brigands
  2 bullfrogs (D:7)
  4 necrophages
  An elf zombie (Ossuary)
  4 gnoll sergeants
  4 scorpions
  3 wights (D:7)
  13 killer bees
  3 howler monkeys
  11 electric eels
  2 centaur zombies (Ossuary)
  5 gnoll boudas
  2 human zombies (Ossuary)
  6 orc priests
  7 hounds (D:5)
  2 jellies
  6 iguanas
  8 orc wizards
  A hound zombie (Ossuary)
  3 mummies (Ossuary)
  40 gnolls
  8 adders
  3 river rats (D:5)
  A white imp (D:5)
  3 ufetubi
  4 adder zombies (Ossuary)
  7 worms
  4 dart slugs
  39 orcs
  7 ball pythons
  6 bats
  7 endoplasms
  4 giant cockroaches
  15 goblins
  13 hobgoblins
  14 jackals
  29 kobolds
  3 quokkas
  5 frilled lizards
  A gnoll zombie (Ossuary)
  3 goblin zombies (Ossuary)
  4 hobgoblin zombies (Ossuary)
  7 jackal zombies (Ossuary)
  3 kobold zombies (Ossuary)
  2 orc zombies (Ossuary)
  3 quokka zombies (Ossuary)
  7 rats
  A rat zombie (Ossuary)
411 creatures vanquished.

Vanquished Creatures (others)
  A goblin (Bailey)
  A kobold (D:6)
2 creatures vanquished.

Grand Total: 413 creatures vanquished

Notes
Turn   | Place    | Note
-------+----------+-------------------------------------------
     0 | D:1      | Ge0ff the Minotaur Warper began the quest for the Orb.
     0 | D:1      | Reached XP level 1. HP: 18/18 MP: 1/1
    40 | D:1      | Reached skill level 1 in Stealth
    40 | D:1      | Reached XP level 2. HP: 23/25 MP: 3/3
   162 | D:1      | Found a faded altar of an unknown god.
   170 | D:1      | Reached XP level 3. HP: 24/30 MP: 4/4
  1097 | D:3      | Reached skill level 5 in Axes
  1097 | D:3      | Reached XP level 4. HP: 37/37 MP: 5/5
  1104 | D:3      | Found a snail-covered altar of Cheibriados.
  1754 | D:3      | Identified a scroll of acquirement
  1754 | D:3      | Acquired 529 gold pieces
  1908 | D:4      | Found a sand-covered staircase.
  1923 | D:4      | Noticed a scorpion
  1932 | D:4      | Killed a scorpion
  1933 | D:4      | Reached XP level 5. HP: 40/44 MP: 6/6
  1993 | Ossuary  | Entered an ossuary
  2103 | Ossuary  | Reached XP level 6. HP: 51/51 MP: 7/7
  2368 | D:4      | Noticed Eustachio
  2378 | D:4      | Killed Eustachio
  2379 | D:4      | Reached skill level 5 in Fighting
  2379 | D:4      | Reached XP level 7. HP: 55/61 MP: 8/8
  2519 | D:4      | Reached skill level 1 in Evocations
  2704 | D:5      | Entered Level 5 of the Dungeon
  2836 | D:5      | Reached XP level 8. HP: 63/71 MP: 9/9
  2916 | D:5      | Found a glowing drain.
  2921 | Sewer    | Entered a sewer
  2940 | Sewer    | Noticed Pargi
  2949 | Sewer    | Killed Pargi
  3374 | D:5      | Reached XP level 9. HP: 70/82 MP: 10/10
  3388 | D:5      | Reached skill level 10 in Axes
  3671 | D:5      | Found a sacrificial altar of Ru.
  3933 | D:5      | Found an iron altar of Okawaru.
  3944 | D:5      | Became a worshipper of Warmaster Okawaru
  4059 | D:6      | Reached skill level 1 in Shields
  4162 | D:6      | Reached skill level 10 in Fighting
  4252 | D:6      | Noticed Edmund
  4257 | D:6      | Killed Edmund
  4257 | D:6      | Reached * piety under Okawaru
  4275 | D:6      | Noticed a two-headed ogre
  4288 | D:6      | Killed a two-headed ogre
  4289 | D:6      | Reached skill level 1 in Invocations
  4333 | D:6      | Noticed Menkaure
  4339 | D:6      | Killed Menkaure
  4339 | D:6      | Reached ** piety under Okawaru
  4340 | D:6      | Reached XP level 10. HP: 93/93 MP: 11/11
  4589 | D:7      | Found a staircase to the Ecumenical Temple.
  4888 | D:7      | Reached skill level 5 in Armour
  5177 | D:8      | Reached *** piety under Okawaru
  5178 | D:8      | Reached skill level 5 in Dodging
  5213 | D:8      | Identified the +0 leather armour of Rationality {rC+ rCorr}
  5227 | D:8      | Found a stormy altar of Qazlal.
  5280 | D:8      | Noticed Psyche
  5285 | D:8      | Killed Psyche
  5388 | D:8      | Paralysed by a hornet for 3 turns
  5436 | D:8      | Found a flagged portal.
  5445 | Bailey   | Entered a bailey
  5546 | Bailey   | Noticed an orc sorcerer
  5551 | Bailey   | Paralysed by an orc sorcerer for 4 turns
  5558 | Bailey   | Killed an orc sorcerer
  5559 | Bailey   | Reached skill level 5 in Shields
  5678 | Bailey   | Reached **** piety under Okawaru
  5766 | Bailey   | Acquired 619 gold pieces
  5768 | Bailey   | Acquired 633 gold pieces
  5797 | Bailey   | Reached XP level 11. HP: 100/102 MP: 13/13
  5840 | Bailey   | Reached skill level 5 in Evocations
  5876 | Bailey   | Found an iron altar of Okawaru.
  6431 | D:9      | Noticed a two-headed ogre
  6444 | D:9      | Killed a two-headed ogre
  6652 | D:9      | Reached ***** piety under Okawaru
  6656 | D:9      | Reached skill level 5 in Invocations
  6882 | D:9      | Found Kuxzae's Jewellery Shoppe.
  6891 | D:9      | Bought an amulet of faith for 560 gold pieces
  6901 | D:9      | Bought a +6 ring of dexterity for 504 gold pieces
  7301 | D:10     | Entered Level 10 of the Dungeon
  7480 | D:10     | Found a hazy altar of Hepliaklqana.
  7561 | D:10     | Found a staircase to the Lair.
  8112 | D:10     | Identified the +6 rapier of Distraction {flame, Str+5}
  8333 | D:11     | Identified the +7 plate armour of Autumn {Str+3 Int+2}
                  | (Okawaru gifted it to you on level 11 of the Dungeon)
  8333 | D:11     | Received a gift from Okawaru
  8384 | D:11     | Noticed a red ugly thing
  8396 | D:11     | Killed a red ugly thing
  8403 | D:11     | Found Biskuu's Distillery.
  8403 | D:11     | Found Ykasuxt's Armour Shop.
  8403 | D:11     | Found a staircase to the Orcish Mines.
  8427 | D:11     | Bought a potion of ambrosia for 104 gold pieces
  8427 | D:11     | Bought a potion of berserk rage for 65 gold pieces
  8427 | D:11     | Bought a potion of heal wounds for 65 gold pieces
  8427 | D:11     | Bought a potion of cancellation for 104 gold pieces
  8427 | D:11     | Bought a potion of haste for 130 gold pieces
  8427 | D:11     | Bought a potion of invisibility for 104 gold pieces
  8427 | D:11     | Bought a potion of might for 52 gold pieces
  8427 | D:11     | Bought a potion of flight for 39 gold pieces
  8484 | D:11     | Reached XP level 12. HP: 53/112 MP: 15/15
  8487 | D:11     | Noticed a two-headed ogre
  8494 | D:11     | Mangled by a two-headed ogre

Illustrated notes

Levels and vault maps discovered:
D:1:      sevenhm_arrival_forest_fort_small_3, layout_basic,
          ebering_ecumenical_altar_sacrificial
D:2:      layout_basic
D:3:      layout_loops_cross, mainiacjoe_overflow_paths,
          minmay_goblin_kobold_house
D:4:      layout_basic, enter_ossuary_1, uniq_eustachio
D:5:      minmay_recursive_quarters, layout_cave_pools,
          okawaru_altar_gauntlet_db, general_overflow_altar,
          lightli_sewer_entry_pipes, serial_gnoll_camp,
          gnoll_camp_mini_doghouse, gnoll_camp_mini_doghouse,
          gnoll_camp_mini_sergeant, gnoll_camp_huts_basic
D:6:      layout_basic, uniq_edmund, uniq_menkaure
D:7:      layout_loops_ring, minmay_temple_entry_arrows
D:8:      layout_gridville, grunt_qazlal_clouds, enter_bailey_2,
          kennysheep_generic_room_15, uniq_psyche
D:9:      layout_loops_cross, serial_shops, shop, kennysheep_small_spiral
D:10:     layout_grid_maze, mainiacjoe_overflow_boulevard,
          hellmonk_lair_entry_icy
D:11:     layout_basic, orc_david_3, special_room [special_room_orc],
          serial_shops, shop, gauntlet_entry_generic, serial_park_tiny_1

Skill      XL: |  1  2  3  4  5  6  7  8  9 10 11 |
---------------+----------------------------------+-----
Axes           | 3 5 7 8 9 11 12 | 12.9
Stealth        | 1 |  1.0
Armour         | 2 3 4 5 6 |  6.5
Fighting       | 3 5 6 8 10 11 12 | 12.0
Dodging        | 3 4 5 6 |  6.2
Evocations     | 2 3 4 5 |  5.9
Shields        | 3 5 6 |  6.3
Invocations    | 1 4 5 |  5.7
Throwing       | 3 |  3.4
Spellcasting   | |  1.3
Translocations | |  2.1

Action                     |  1- 3 |  4- 6 |  7- 9 | 10-12 || total
---------------------------+-------+-------+-------+-------++-------
  Melee: Hand axe          |    69 |    33 |       |       ||   102
         Headbutt          |     5 |    23 |    39 |    58 ||   125
         War axe           |       |   113 |   266 |   357 ||   736
         Punch             |       |     1 |     1 |       ||     2
  Throw: Boomerang         |     8 |       |    16 |    43 ||    67
         Dart              |       |       |     2 |       ||     2
 Invoke: Heroism           |       |       |       |     7 ||     7
  Evoke: Wand              |       |       |     2 |       ||     2
    Use: Scroll            |       |    10 |     6 |    10 ||    26
         Potion            |       |     1 |       |       ||     1
 Armour: Leather armour    |    26 |    62 |    59 |       ||   147
         Troll leather arm |       |       |    60 |    78 ||   138
         Plate armour      |       |       |       |    30 ||    30
  Dodge: Dodged            |    55 |    91 |   181 |   183 ||   510
  Block: Buckler           |       |       |    11 |    83 ||    94

Table legend: (Time is in decaauts)
 A = Elapsed time spent in this place.
 B = Non-inter-level travel time spent in this place.
 C = Inter-level travel time spent in this place.
 D = Time resting spent in this place.
 E = Time spent auto-exploring this place.
 F = Levels seen in this place.
 G = Mean time per level.
                   A        B        C        D        E       F      G
               +--------+--------+--------+--------+--------+-----+--------+
         Total |   8608 |   8294 |    314 |    209 |   5194 |  14 |  614.9 |
       Dungeon |   7356 |   7042 |    314 |    114 |   4674 |  11 |  668.7 |
         Sewer |    250 |    250 |      0 |      0 |    130 |   1 |  250.0 |
       Ossuary |    307 |    307 |      0 |      0 |    112 |   1 |  307.0 |
        Bailey |    694 |    694 |      0 |     95 |    277 |   1 |  694.0 |
               +--------+--------+--------+--------+--------+-----+--------+

Top non-repeatable levels by time:
     D:5: 1120 daAuts
    D:10: 960 daAuts
     D:9: 880 daAuts
     D:3: 874 daAuts
  Bailey: 694 daAuts
     D:7: 688 daAuts
     D:1: 655 daAuts
     D:8: 568 daAuts
     D:4: 567 daAuts
     D:6: 436 daAuts
     D:2: 376 daAuts
 Ossuary: 307 daAuts
   Sewer: 250 daAuts
    D:11: 229 daAuts
